 Dungeon Crawl Stone Soup version 0.31.0-9-g3a7656b989 (webtiles) character file.

Game seed: 14161053882845613308

1248 qw the Nimble (level 8, -5/39 HPs)
             Began as a Spriggan Hunter on Feb 2, 2024.
             Was a Follower of Okawaru.
             Slain by Joseph
             ... wielding a +0 quarterstaff
              (14 damage)
             ... on level 7 of the Dungeon.
             The game lasted 00:00:24 (5268 turns).

qw the Nimble (Spriggan Hunter)                     Turns: 5268, Time: 00:00:24

Health: -5/39      AC:  2    Str:  7    XL:     8   Next: 26%
Magic:  12/12      EV: 31    Int: 10    God:    Okawaru [*.....]
Gold:   448        SH:  0    Dex: 25    Spells: 7/7 levels left

rFire   + . .        a - +0 shortbow (heavy)
rCold   + . .        (shield currently unavailable)
rNeg    . . .        c - +0 robe
rPois   .            (helmet restricted)
rElec   .            (no cloak)
rCorr   .            (gloves unavailable)
SInv    +            (boots unavailable)
Will    +....        g - amulet of the acrobat
Stlth   ++           k - ring of protection from fire
HPRegen 0.26/turn    b - ring of the Greedy {rC+ Dex+4}
MPRegen 0.13/turn

%: acrobat
@: heroic, slow
A: very small, no large weapons, unfitting armour, see invisible, speed 3
a: Renounce Religion, Heroism


You were on level 7 of the Dungeon.
You worshipped Okawaru.
Okawaru was aware of your devotion.
You visited 1 branch of the dungeon, and saw 7 of its levels.

You collected 448 gold pieces.


Innate Abilities, Weirdness & Mutations

You are very small and have problems with some larger weapons.
You are too small for most types of armour.
You have supernaturally acute eyesight. (SInv)
You cover ground extremely quickly. (Speed+++)


   Skills:
 - Level 2.1(7.1) Fighting
 + Level 7.8(12.8) Ranged Weapons
 - Level 8.0(13.0) Dodging
 - Level 1.5(6.5) Stealth
 - Level 4.0 Invocations


You had 7 spell levels left.
You didn't know any spells.
Your spell library was empty.

Inventory:

Hand Weapons
 a - a +0 heavy shortbow (weapon)
Armour
 c - a +0 robe (worn)
Jewellery
 b - the ring of the Greedy (right hand) {rC+ Dex+4}
   (You acquired it on level 2 of the Dungeon)

   [ring of protection from cold]

   Dex+4:     It affects your dexterity (+4).
   rC+:       It protects you from cold.
 e - a ring of positive energy
 g - an amulet of the acrobat (around neck)
 k - a ring of protection from fire (left hand)
 p - a ring of fire
Wands
 i - a wand of iceblast (19)
 l - a wand of digging (5)
Potions
 f - 3 potions of curing
 h - a potion of might
 m - a potion of enlightenment
 n - a potion of haste

Dungeon Overview and Level Annotations

Branches:
Dungeon (7/15)             Temple (0/1) D:5

Altars:
Ashenzari
Kikubaaqudgha
Okawaru
Vehumet
Wu Jian
Xom
Zin

Annotations:
D:6 3 runed translucent doors, qw's ghost, novice GrHu
D:7 Joseph


Message History

Joseph barely misses you.
You shoot an arrow.
The arrow hits Joseph but does no damage.
Joseph is lightly wounded.
A nearby plant withers and dies.
Joseph hits you with a +0 quarterstaff!!
You shoot an arrow. The arrow hits Joseph.
Joseph is lightly wounded.
Joseph splashes around in the water.
You shoot an arrow. The arrow completely misses Joseph.
Joseph splashes around in the water.
You shoot an arrow. The arrow hits Joseph!
Joseph is moderately wounded.
Joseph splashes around in the water.
Joseph says, "I've waited for this moment for such a long time."
Joseph closely misses you.
You shoot an arrow. The arrow closely misses Joseph.
Joseph completely misses you.
You shoot an arrow. The arrow hits Joseph!
Joseph is heavily wounded.
Joseph splashes around in the water.
You shoot an arrow. The arrow barely misses Joseph.
Joseph barely misses you.
You shoot an arrow. The arrow hits Joseph!
Joseph is severely wounded.
Joseph hits you with a +0 quarterstaff!
You shoot an arrow. The arrow barely misses Joseph.
Joseph barely misses you.
You shoot an arrow. The arrow hits Joseph!!
Joseph is almost dead.
Joseph splashes around in the water.
You shoot an arrow. The arrow closely misses Joseph.
Joseph completely misses you.
You shoot an arrow. The arrow barely misses Joseph.
Joseph completely misses you.
You shoot an arrow. The arrow completely misses Joseph.
Joseph closely misses you.
You shoot an arrow. The arrow closely misses Joseph.
Joseph hits you with a +0 quarterstaff!
You die...

.....#P.#.#
.....P~.#.#
PP~~~~P..#############
~~~7P~~...............
777~P############## P
77~P......
P~P7777~~P......
.~~~~~~~.P....##
..P~P~.@......#
...PP.@#......#
....P..#......#
......##......# ......
#......# ......
#....... ...[..
....... ..... .......


You could see Joseph.

Vanquished Creatures
  A hornet (D:5)
  A water moccasin (D:7)
  2 ogres
  A phantom (D:6)
  A kobold brigand (D:6)
  A howler monkey (D:5)
  A bombardier beetle (D:4)
  A gnoll bouda (D:5)
  An orc priest (D:4)
  2 hounds
  2 iguanas (D:6)
  5 orc wizards
  7 adders
  4 gnolls (D:5)
  2 ufetubi (D:6)
  6 ribbon worms
  28 orcs
  7 endoplasms
  3 giant cockroaches
  10 goblins
  5 hobgoblins
  9 jackals
  11 kobolds
  5 quokkas
  3 ball pythons
  5 bats
  5 frilled lizards
  7 rats
136 creatures vanquished.

Vanquished Creatures (others)
  An orc wizard (D:6)
1 creature vanquished.

Grand Total: 137 creatures vanquished

Notes
Turn   | Place    | Note
-------+----------+-------------------------------------------
     0 | D:1      | qw the Spriggan Hunter began the quest for the Orb.
     0 | D:1      | Reached XP level 1. HP: 10/10 MP: 2/2
     0 | D:1      | 0 ||| qw: Version: 0.3-a-155-g5e7d8dd
     0 | D:1      | 0 ||| qw: Game counter: 1284
     0 | D:1      | 0 ||| qw: Melee chars always use a shield: true
     0 | D:1      | 0 ||| qw: God list: Okawaru
     0 | D:1      | 0 ||| qw: Allow faded altars: false
     0 | D:1      | 0 ||| qw: Do Orc after clearing Dungeon:15 true
     0 | D:1      | 0 ||| qw: Do second Lair branch before Depths: true
     0 | D:1      | 0 ||| qw: Lair rune preference: random
     0 | D:1      | 0 ||| qw: Goals: Normal
     0 | D:1      | 0 ||| PLANNING D:1-11
    49 | D:1      | Reached skill level 3 in Dodging
   130 | D:1      | Reached XP level 2. HP: 14/14 MP: 3/3
   155 | D:1      | Reached skill level 4 in Dodging
   429 | D:1      | 429 ||| UPGRADING to amulet of the acrobat.
   434 | D:1      | 434 ||| READING scroll labelled UTEAJIMIKU.
   435 | D:1      | 435 ||| DROPPING scroll of butterflies.
   481 | D:2      | Reached XP level 3. HP: 15/18 MP: 4/4
   873 | D:2      | Reached XP level 4. HP: 20/22 MP: 5/5
  1357 | D:2      | 1357 ||| UPGRADING to ring of protection from fire.
  1358 | D:2      | 1358 ||| READING scroll labelled NYNGUOTUIF.
  1358 | D:2      | 1358 ||| IDENTIFYING fuming brown potion
  1359 | D:2      | 1359 ||| READING scroll labelled UPPE LIEZOUSH.
  1360 | D:2      | 1360 ||| READING scroll labelled ULOGAX NUASOPY.
  1365 | D:2      | 1365 ||| READING scroll labelled BUORYH LUIRCH.
  1365 | D:2      | 1365 ||| ENCHANTING +0 shortbow.
  1366 | D:2      | 1366 ||| READING scroll labelled ETZEGO FOXZO.
  1366 | D:2      | Identified a scroll of acquirement
  1366 | D:2      | 1366 ||| ACQUIRING ring of the Greedy {rC+ Dex+4}
  1366 | D:2      | Acquired the ring of the Greedy {rC+ Dex+4}
  1368 | D:2      | 1368 ||| UPGRADING to ring of the Greedy {rC+ Dex+4}.
  1369 | D:2      | 1369 ||| DROPPING potion of lignification.
  1394 | D:3      | Found a glowing silver altar of Zin.
  1853 | D:3      | Found an ornate altar of the Wu Jian Council.
  1856 | D:3      | Found a shimmering altar of Xom.
  1899 | D:3      | Reached skill level 5 in Dodging
  2009 | D:3      | 2009 ||| READING scroll of identify.
  2009 | D:3      | 2009 ||| IDENTIFYING murky ruby potion
  2010 | D:3      | 2010 ||| READING scroll labelled SEGROT EFOUZYV.
  2011 | D:3      | 2011 ||| READING scroll labelled LUPECESOZXE.
  2161 | D:4      | Reached XP level 5. HP: 18/26 MP: 6/6
  2256 | D:4      | Reached skill level 6 in Dodging
  2260 | D:4      | 2260 ||| DRINKING bubbling pink potion.
  2261 | D:4      | 2261 ||| DRINKING fizzy cyan potion.
  2261 | D:4      | HP: 1/26 [orc wizard/magic dart (6)]
  2262 | D:4      | 2262 ||| DRINKING 2 potions of heal wounds.
  2646 | D:4      | Reached XP level 6. HP: 26/30 MP: 7/7
  2648 | D:4      | HP: 5/30 [orc/+0 heavy flail (10)]
  2649 | D:4      | 2649 ||| DRINKING potion of heal wounds.
  2655 | D:4      | HP: 4/30 [frozen (2)]
  2836 | D:4      | Reached skill level 6 in Ranged Weapons
  3267 | D:4      | 3267 ||| READING 2 scrolls of identify.
  3267 | D:4      | 3267 ||| IDENTIFYING glowing purple potion
  3268 | D:4      | 3268 ||| READING scroll of identify.
  3268 | D:4      | 3268 ||| IDENTIFYING yellow potion
  3269 | D:4      | 3269 ||| READING scroll labelled KAMUTU BO BUI.
  3370 | D:4      | 3370 ||| DRINKING 2 white potions.
  3371 | D:4      | 3371 ||| DROPPING potion of brilliance.
  3412 | D:5      | Entered Level 5 of the Dungeon
  3424 | D:5      | Found an iron altar of Okawaru.
  3425 | D:5      | 3425 ||| PLANNING OKAWARU WORSHIP
  3436 | D:5      | Became a worshipper of Warmaster Okawaru
  3437 | D:5      | 3437 ||| PLANNING D:1-11
  3448 | D:5      | Reached skill level 7 in Dodging
  3472 | D:5      | Noticed a hornet
  3474 | D:5      | 3474 ||| ZAPPING wand of iceblast (22) at 1,5 (hornet;
                  | floor).
  3475 | D:5      | 3475 ||| ZAPPING wand of iceblast (21) at 1,3 (hornet;
                  | floor).
  3476 | D:5      | 3476 ||| ZAPPING wand of iceblast (20) at 1,2 (hornet;
                  | floor).
  3477 | D:5      | Killed a hornet
  3477 | D:5      | Reached * piety under Okawaru
  3478 | D:5      | Reached XP level 7. HP: 35/35 MP: 8/8
  3521 | D:5      | Found a broken altar of Ashenzari.
  3586 | D:5      | Found a radiant altar of Vehumet.
  3684 | D:5      | Reached skill level 1 in Invocations
  4153 | D:5      | Found a staircase to the Ecumenical Temple.
  4359 | D:5      | 4359 ||| READING scroll of identify.
  4359 | D:5      | 4359 ||| IDENTIFYING viscous purple potion
  4360 | D:5      | 4360 ||| READING scroll labelled ZAKLOGIY NOIN.
  4452 | D:6      | Reached skill level 8 in Dodging
  4519 | D:6      | Noticed a shadow
  4611 | D:6      | Reached skill level 3 in Invocations
  4636 | D:6      | Reached XP level 8. HP: 39/39 MP: 11/11
  4676 | D:6      | Found a runed translucent gate.
  4676 | D:6      | Found a runed translucent gate.
  4676 | D:6      | Found a runed translucent gate.
  4680 | D:6      | Noticed qw's ghost (novice GrHu)
  4701 | D:6      | Reached ** piety under Okawaru
  4725 | D:6      | Found an ancient bone altar of Kikubaaqudgha.
  5058 | D:6      | 5058 ||| READING 2 scrolls of identify.
  5058 | D:6      | 5058 ||| IDENTIFYING scroll labelled WORCHI WISUU
  5059 | D:6      | 5059 ||| READING scroll of identify.
  5059 | D:6      | 5059 ||| IDENTIFYING scroll labelled NER GIXKAFRAT
  5060 | D:6      | 5060 ||| READING scroll of brand weapon.
  5060 | D:6      | 5060 ||| BRANDING +0 shortbow.
  5061 | D:6      | 5061 ||| DROPPING scroll of torment.
  5116 | D:7      | HP: 9/39 [poisoned by a water moccasin]
  5248 | D:7      | Noticed Joseph
  5252 | D:7      | 5252 ||| INVOKING Heroism.
  5262 | D:7      | HP: 8/39 [Joseph/+0 quarterstaff (14)]
  5268 | D:7      | Slain by Joseph

Levels and vault maps discovered:
D:1:      minmay_arrival_solitary_statue, layout_rooms
D:2:      layout_basic, minmay_circled_x
D:3:      layout_loops_ring, zin_academy, mainiacjoe_overflow_catwalk_spiral
D:4:      layout_loops_corners, grunt_ministairs_7, hangedman_decor_slide_cut,
          minmay_starry_boxes
D:5:      layout_loops_ring, amcnicky_altar_gilded, lemuel_tele_altar,
          mainiacjoe_overflow_paths, lemuel_temple_firewalk_a,
          nicolae_kite_square_tiling_tiny
D:6:      layout_basic, general_overflow_altar, gammafunk_ghost_split,
          grunt_decor_junction
D:7:      layout_basic, trog_butcher_becter, minmay_crystal_room,
          serial_bayou_pond_c, serial_library_hellmonk_small_corner,
          hangedman_decor_push, minmay_misc_feat_room, uniq_joseph

Skill      XL: |  1  2  3  4  5  6  7  8 |
---------------+-------------------------+-----
Dodging        | 3 4 5 6 7 8 |  8.0
Ranged Weapons | 5 7 |  7.8
Fighting       | 2 |  2.1
Invocations    | 3 4 |  4.0
Stealth        | |  1.5

Action                     |  1- 3 |  4- 6 |  7- 9 || total
---------------------------+-------+-------+-------++-------
   Fire: Shortbow          |   126 |   182 |   144 ||   452
 Invoke: Heroism           |       |       |     1 ||     1
  Evoke: Wand              |       |     3 |       ||     3
    Use: Scroll            |     1 |    11 |     5 ||    17
         Potion            |       |     5 |       ||     5
 Armour: Robe              |    12 |    28 |    11 ||    51
  Dodge: Dodged            |    41 |   103 |    64 ||   208

Table legend:
 A = Non-vault XP
 B = Vault XP
 C = Vault XP percentage of total XP
 D = Non-vault monster count
 E = Vault monster count
 F = Vault count percentage of total count
                 A         B        C        D         E       F
            +---------+---------+-------+---------+---------+-------
      Total |    1675 |     109 |   6.1 |     127 |      10 |   7.3
            +---------+---------+-------+---------+---------+-------
        D:1 |      39 |       0 |   0.0 |      25 |       0 |   0.0
        D:2 |      71 |      20 |  22.0 |      24 |       4 |  14.3
        D:3 |      16 |       0 |   0.0 |      11 |       0 |   0.0
        D:4 |     283 |      89 |  23.9 |      36 |       6 |  14.3
        D:5 |     626 |       0 |   0.0 |      13 |       0 |   0.0
        D:6 |     489 |       0 |   0.0 |      17 |       0 |   0.0
        D:7 |     151 |       0 |   0.0 |       1 |       0 |   0.0
            +---------+---------+-------+---------+---------+-------
